 Dungeon Crawl Stone Soup version 0.31-a0-876-gfe8ebadbca (webtiles) character file.

Game seed: 10413115762428761080

124 kae the Vexing (level 4, -2/32 HPs)
             Began as a Demonspawn Enchanter on Oct 13, 2023.
             Killed by nerve-wracking pain
             ... invoked by Grinder
              (14 damage)
             ... on level 3 of the Dungeon.
             The game lasted 00:03:35 (2922 turns).

kae the Vexing (Demonspawn Enchanter)               Turns: 2922, Time: 00:03:35

Health: -2/32      AC:  3    Str:  8    XL:     4   Next: 81%
Magic:  7/7        EV: 12    Int: 18    God:
Gold:   113        SH:  0    Dex: 14    Spells: 2/7 levels left

rFire   . . .        s - +1 dagger (speed)
rCold   . . .        (no shield)
rNeg    . . .        b - +0 robe
rPois   .            m - +0 helmet
rElec   .            (no cloak)
rCorr   .            (no gloves)
SInv    +            (no boots)
Will    .....        g - amulet of regeneration
Stlth   ++           v - ring of see invisible
HPRegen 1.05/turn    (no ring)
MPRegen 0.10/turn

%: no passive effects
@: no status effects
A: claws 1, powered by death 1
a: no special abilities


You were on level 3 of the Dungeon.
You visited 1 branch of the dungeon, and saw 3 of its levels.

You collected 113 gold pieces.


Innate Abilities, Weirdness & Mutations

You have sharp fingernails.
You regenerate a little health from kills.


   Skills:
 + Level 1.1 Fighting
 * Level 2.1 Short Blades
 + Level 2.2 Dodging
 + Level 3.1 Stealth
 + Level 2.4 Spellcasting
 * Level 3.9 Hexes


You had 2 spell levels left.
You knew the following spells:

 Your Spells              Type           Power      Damage    Failure   Level
a - Ensorcelled Hibernat  Hex/Ice        18%        N/A       12%         2
b - Confusing Touch       Hex            16%        N/A       11%         3

Your spell library contained the following spells:

 Spells                   Type           Power      Damage    Failure   Level
 Passwall                 Tmut/Erth      1%         N/A       26%         2
 Tukima's Dance           Hex            16%        N/A       11%         3
 Dazzling Flash           Conj/Hex       18%        N/A       24%         3
 Swiftness                Air            2%         N/A       45%         3
 Volatile Blastmotes      Fire/Tloc      4%         2d10      45%         3
 Fulminant Prism          Conj/Hex       4%         3d5       61%         4
 Iskenderun's Mystic Bla  Conj/Tloc      2%         2d3       86%         4

Inventory:

Hand Weapons
 a - a +1 dagger
 s - a +1 dagger of speed (weapon)
   (You found it on level 2 of the Dungeon)
Missiles
 i - 6 poisoned darts
 l - 7 stones
Armour
 b - a +0 robe (worn)
 m - a +0 helmet (worn)
   (You found it on level 2 of the Dungeon)
Jewellery
 g - an amulet of regeneration (around neck)
   (You found it on level 2 of the Dungeon)
 v - a ring of see invisible (left claw)
   (You found it on level 1 of the Dungeon)
 C - a ring of ice
   (You found it on level 2 of the Dungeon)
 T - an amulet of faith {!P}
   (You found it on level 1 of the Dungeon)
Wands
 n - a wand of light (11)
   (You found it on level 2 of the Dungeon)
Scrolls
 e - a scroll of blinking {unknown}
 f - a scroll of teleportation {unknown}
 h - a scroll of immolation {unknown}
 k - a scroll of fog {unknown}
 o - a scroll of noise {unknown}
 q - 3 scrolls of fear {unknown}
Potions
 c - 2 potions of invisibility
 d - a potion of might {unknown}
 j - a potion of haste {unknown}
 p - a potion of attraction {unknown}
 r - 2 potions of curing {unknown}

Dungeon Overview and Level Annotations

Branches:
Dungeon (3/15) Zot: 15019

Altars:

Shops:
D:3 =

Annotations:
D:3 Grinder

##.# #...#
..#.#
#.#..#.
...=...
##......#
###.S....(.
#.5@#
#...##
#####


You could see Grinder and an adder.


Message History

The orc attacks as it pursues you!
The orc completely misses you. 😕 HP[+1] Unknown command.
The orc wizard hits you but does no damage.
The orc barely misses you. 😕 HP[+1]
You hit the orc wizard but do no damage.
The orc wizard barely misses you. 😎 HP[+1]
Your hp is fully restored (32).
Unknown command.
You barely miss the orc wizard. The orc closely misses you.
The orc wizard barely misses you.
You barely miss the orc.
You feel less confused.
Unknown command.
You closely miss the orc wizard. The orc hits you with a +0 hand axe.
The orc wizard completely misses you. 😕 HP[-1]
You take 1 damage, and now have 31/32 hp.
You miss the orc wizard. The orc closely misses you.
You hit the orc wizard but do no damage.
The orc wizard hits you with a +0 dagger.
You hit the orc wizard.
You kill the orc wizard!
The orc closely misses you. 😎 HP[+1]
Your hp is fully restored (32).
Casting: Ensorcelled Hibernation (safe; 12% risk of failure)
Confirm with . or Enter, or press ? or * to list all spells.
Aiming: Ensorcelled Hibernation (safe; 12% risk of failure)
Press: ? - help, Shift-Dir - straight line, f - orc
Aim: an orc, wielding a +0 hand axe (chance to affect: 61%)
You miscast Ensorcelled Hibernation.
You are very lightly contaminated with residual magic.
Nothing appears to happen.
The orc hits you but does no damage. 😎 MP[-2]
You lost 2 mp, and now have 5/7 mp.
Casting: Ensorcelled Hibernation (safe; 12% risk of failure)
Confirm with . or Enter, or press ? or * to list all spells.
Aiming: Ensorcelled Hibernation (safe; 12% risk of failure)
Press: ? - help, Shift-Dir - straight line, f/p - orc
Aim: an orc, wielding a +0 hand axe (chance to affect: 61%)
The orc resists with significant effort.
The orc barely misses you. 😎 MP[-2]
You lost 2 mp, and now have 3/7 mp.
Casting: Ensorcelled Hibernation (safe; 12% risk of failure)
Confirm with . or Enter, or press ? or * to list all spells.
Aiming: Ensorcelled Hibernation (safe; 12% risk of failure)
Press: ? - help, Shift-Dir - straight line, f/p - orc
Aim: an orc, wielding a +0 hand axe (chance to affect: 61%)
The orc looks drowsy... 😎 MP[-2]
You lost 2 mp, and now have 1/7 mp.
Casting: Ensorcelled Hibernation (safe; 12% risk of failure)
Confirm with . or Enter, or press ? or * to list all spells.
You don't have enough magic to cast this spell.
The helpless orc fails to defend itself.
You puncture the orc!
You kill the orc!
There is a stone staircase leading down here.
Things that are here:
a +0 hand axe; an orc corpse You start resting.
Your magical contamination has completely faded away.
You start resting. 😎 MP[+4]
You regained 4 mp, and now have 5/7 mp.
You see here a +0 ring mail.
You see here a +0 dagger.
There is an escape hatch in the floor here. 😎 MP[+2]
Your mp is fully restored (7).
There is a stone staircase leading down here.
You climb downwards.
There is a stone staircase leading up here.
There are monsters nearby!
Unknown command.
The helpless Grinder fails to defend herself.
You impale Grinder!!
The adder hisses angrily.
Grinder hits you!
You writhe in agony. 😮 HP[-12]
You take 12 damage, and now have 20/32 hp.
MASSIVE DAMAGE!! (PAUSE) Grinder attacks as she pursues you!
Grinder hits you!
* * * LOW HITPOINT WARNING * * *
You writhe in agony.
* * * LOW HITPOINT WARNING * * *
There is a stone staircase leading up here. 😨 HP[-9]
You take 9 damage, and now have 11/32 hp.
MASSIVE DAMAGE!! (PAUSE) Unknown command.
Unknown command.
Grinder gestures at you. Pain shoots through your body!
You die...
Grinder says, "Now the real fun starts!"

Skill      XL: |  1  2  3  4 |
---------------+-------------+-----
Short Blades   | 1 2 |  2.1
Dodging        | 2 |  2.2
Stealth        | 3 |  3.1
Fighting       | 1 |  1.1
Spellcasting   | |  2.4
Hexes          | |  3.9

Action                     |  1- 3 |  4- 6 || total
---------------------------+-------+-------++-------
  Melee: Dagger            |   139 |    97 ||   236
         Punch             |     1 |       ||     1
   Cast: Ensorcelled Hiber |    24 |     8 ||    32
   Stab: Sleeping          |    17 |    10 ||    27
 Armour: Robe              |    90 |    55 ||   145
  Dodge: Dodged            |   112 |    70 ||   182

Levels and vault maps discovered:
D:1:      nagdon_arrival_double_spiral, layout_loops_ring,
          dreamdust_ecumenical_altar_angels_and_demons, serial_co_window_serial,
          co_window_paths_a, co_window_paths_a, co_window_corner_a,
          co_window_paths_a, co_window_of_opportunity_a, co_window_paths_a,
          co_window_paths_a, co_window_of_opportunity_a, co_window_paths_a,
          co_window_paths_c, co_window_broadway_a, co_window_corner_b,
          co_window_of_opportunity_b, co_window_4corner_b, glass_columns_a,
          glass_columns_b, glass_columns_c, glass_columns_b
D:2:      layout_basic, minmay_crystal_room, chequers_big_river, uniq_robin
D:3:      layout_rooms, serial_shops, nicolae_shop_statue_plus, uniq_grinder

Notes
Turn   | Place    | Note
-------+----------+-------------------------------------------
     0 | D:1      | kae the Demonspawn Enchanter began the quest for the Orb.
     0 | D:1      | Reached XP level 1. HP: 13/13 MP: 3/3
     0 | D:1      | magus.rc [v1.11.3]
   105 | D:1      | Reached skill level 1 in Short Blades
   198 | D:1      | You pick up a book of Blasting and begin reading...
   198 | D:1      | You add the spells Volatile Blastmotes, Fulminant Prism and
                  | Iskenderun's Mystic Blast to your library.
   266 | D:1      | You pick up a book of Burglary and begin reading...
   266 | D:1      | You add the spells Passwall and Swiftness to your library.
   332 | D:1      | Gained mutation: You have sharp fingernails. [demonic
                  | ancestry]
   332 | D:1      | Reached XP level 2. HP: 16/19 MP: 5/5
   365 | D:1      | Learned a level 2 spell: Ensorcelled Hibernation
   680 | D:1      | Found a faded altar of an unknown god.
   858 | D:1      | Reached skill level 2 in Dodging
  1316 | D:2      | Noticed Robin
  1361 | D:1      | Reached XP level 3. HP: 9/25 MP: 3/6
  1430 | D:1      | Learned a level 3 spell: Confusing Touch
  1986 | D:2      | Killed Robin
  1987 | D:2      | Reached skill level 3 in Stealth
  1987 | D:2      | Gained mutation: You regenerate a little health from kills.
                  | [demonic ancestry]
  1987 | D:2      | Reached XP level 4. HP: 31/31 MP: 4/7
  2037 | D:2      | Reached skill level 1 in Fighting
  2039 | D:2      | Reached skill level 2 in Short Blades
  2763 | D:3      | Found Biskajou's Jewellery Shop.
  2808 | D:3      | Noticed a black bear
  2918 | D:3      | Noticed Grinder
  2922 | D:3      | Killed from afar by Grinder

Vanquished Creatures
  An orc wizard (D:2)
  Robin (D:2)
  2 adders
  2 worms (D:1)
  2 dart slugs (D:2)
  2 orcs
  6 endoplasms
  2 giant cockroaches (D:1)
  12 goblins
  5 hobgoblins
  2 jackals (D:2)
  3 quokkas
  4 ball pythons
  4 bats
  4 kobolds
  5 rats
57 creatures vanquished.

Table legend:
 A = Non-vault XP
 B = Vault XP
 C = Vault XP percentage of total XP
 D = Non-vault monster count
 E = Vault monster count
 F = Vault count percentage of total count
                 A         B        C        D         E       F
            +---------+---------+-------+---------+---------+-------
      Total |     143 |      35 |  19.7 |      45 |      12 |  21.1
            +---------+---------+-------+---------+---------+-------
        D:1 |      59 |      18 |  23.4 |      25 |      10 |  28.6
        D:2 |      79 |      17 |  17.7 |      18 |       2 |  10.0
        D:3 |       5 |       0 |   0.0 |       2 |       0 |   0.0
            +---------+---------+-------+---------+---------+-------

Skill      XL: |  1  2  3  4 |
---------------+-------------+-----
Short Blades   | 1 2 |  2.1
Dodging        | 2 |  2.2
Stealth        | 3 |  3.1
Fighting       | 1 |  1.1
Spellcasting   | |  2.4
Hexes          | |  3.9

Action                     |  1- 3 |  4- 6 || total
---------------------------+-------+-------++-------
  Melee: Dagger            |   139 |    97 ||   236
         Punch             |     1 |       ||     1
   Cast: Ensorcelled Hiber |    24 |     8 ||    32
   Stab: Sleeping          |    17 |    10 ||    27
 Armour: Robe              |    90 |    55 ||   145
  Dodge: Dodged            |   112 |    70 ||   182

Illustrated notes

Table legend:
 A = Kills in this place as a percentage of kills in the entire game.
 B = Kills by you in this place as a percentage of kills by you in the entire game.
 C = Kills by friends in this place as a percentage of kills by friends in the entire game.
 D = Other kills in this place as a percentage of other kills in the entire game.
 E = Experience gained in this place as a percentage of experience gained in the entire game.
 F = Experience gained in this place divided by the number of levels of this place that you have seen.
                   A       B       C       D       E      F
               +-------+-------+-------+-------+-------+----------------------
         Total | 100.0 | 100.0 |   N/A |   N/A | 100.0 |  59.3
       Dungeon | 100.0 | 100.0 |   N/A |   N/A | 100.0 |  59.3
               +-------+-------+-------+-------+-------+----------------------

Table legend: (Time is in decaauts)
 A = Elapsed time spent in this place.
 B = Non-inter-level travel time spent in this place.
 C = Inter-level travel time spent in this place.
 D = Time resting spent in this place.
 E = Time spent auto-exploring this place.
 F = Levels seen in this place.
 G = Mean time per level.
                   A        B        C        D        E       F      G
               +--------+--------+--------+--------+--------+-----+--------+
         Total |   2979 |   2861 |    118 |    546 |   1704 |   3 |  993.0 |
       Dungeon |   2979 |   2861 |    118 |    546 |   1704 |   3 |  993.0 |
               +--------+--------+--------+--------+--------+-----+--------+

Top non-repeatable levels by time:
     D:1: 1988 daAuts
     D:2: 921 daAuts
     D:3: 70 daAuts
